 Dungeon Crawl Stone Soup version 0.17.1-1-g73c8601 (webtiles) character file.

355 onyx93 the Insei (level 6, -5/42 HPs)
             Began as an Octopode Monk on Dec 15, 2015.
             Slain by a giant frog (8 damage)
             ... in a sewer.
             The game lasted 00:08:26 (3342 turns).

onyx93 the Insei (Octopode Monk)                    Turns: 3342, Time: 00:08:26

Health: -5/42      AC:  1    Str: 10    XL:     6   Next: 63%
Magic:  6/6        EV: 10    Int: 17    God:
Gold:   130        SH:  0    Dex: 17    Spells: 0 memorised, 5 levels left

rFire  + . .     SeeInvis .       - Unarmed
rCold  + . .     Clarity  .     (no shield)
rNeg   . . .     SustAt   .     (helmet restricted)
rPois  +         Gourm    .     (no amulet)
rElec  +         Spirit   .     (no ring)
rCorr  +         Warding  .     (no ring)
rMut   .         Stasis   .     (no ring)
MR     .....                    (no ring)
Stlth  ++++......               (no ring)
                                (no ring)
                                (no ring)
                                (no ring)

@: brilliant, resistant, very slightly contaminated, hasted, constricted, very
quick, not resistant to hostile enchantments, stealthy
A: almost no armour, amphibious, 8 rings, constrict 8, camouflage 1, gelatinous
body 1
a: no special abilities


You were in a sewer.
You were not hungry.

You visited 1 branch of the dungeon, and saw 3 of its levels.
You also visited: Sewer.

You collected 130 gold pieces.

Inventory:

Hand Weapons
 l - a +2 hunting sling of flaming
Missiles
 c - 20 poisoned needles
 o - 21 stones (quivered)
Jewellery
 s - a +3 ring of evasion {unknown}
Scrolls
 d - 2 scrolls of identify {unknown}
 f - 2 scrolls of teleportation {unknown}
 h - a scroll of remove curse {unknown}
 i - a scroll of immolation {unknown}
 n - a scroll of blinking {unknown}
 p - a scroll of fog {unknown}
 t - 2 scrolls of recharging {unknown}
Potions
 e - 3 potions of magic
Comestibles
 a - a bread ration
 b - 2 slices of pizza
 j - 2 meat rations
 k - 3 fruits
 u - 2 chunks of flesh


   Skills:
 - Level 3.0 Fighting
 - Level 3.0 Dodging
 - Level 2.6 Stealth
 + Level 7.7 Unarmed Combat


You had 5 spell levels left.
You didn't know any spells.

Dungeon Overview and Level Annotations

Branches:
Dungeon (3/15)

Altars:


Innate Abilities, Weirdness & Mutations

You cannot wear most types of armour.
You are amphibious.
You can wear up to eight rings at the same time.
You can use your tentacles to constrict eight enemies at once.
Your skin changes colour to match your surroundings (Stealth).
Your rubbery body absorbs attacks (AC +1).


Message History

You constrict the giant frog.
The ball python bites you but does no damage.
* * * LOW HITPOINT WARNING * * *
The ball python constricts you.
You bludgeon the giant frog!
The giant frog is heavily wounded.
You constrict the giant frog. The giant frog closely misses you.
The ball python closely misses you. The ball python constricts you.
You tentacle-slap the giant frog but do no damage.
The giant frog is heavily wounded.
You constrict the giant frog. The giant frog hits you.
* * * LOW HITPOINT WARNING * * *
The ball python closely misses you.
* * * LOW HITPOINT WARNING * * *
The ball python constricts you.
Drink which item? (? for menu, Esc to quit)
It was a potion of brilliance.
You feel clever all of a sudden.
You constrict the giant frog. The giant frog hits you!
You die...

# # # #
#+###################
##..S.≈≈≈†≈≈≈≈≈≈≈≈≈≈≈≈
#...†@≈≈≈≈÷≈≈≈≈≈≈≈≈≈≈≈
#...F≈≈≈≈≈≈≈≈≈≈≈≈≈≈≈≈≈
#.....≈≈≈≈≈≈≈≈≈≈≈≈≈≈≈≈
#.....≈≈≈≈≈≈≈≈≈≈≈≈≈≈≈≈
##....≈≈≈≈≈≈≈≈≈≈≈≈≈≈≈≈
#####################


You could see a giant frog and a ball python.

Vanquished Creatures
  A giant frog (Sewer)
  Ijyb (D:2)
  Natasha (thrice) (D:2)
  7 river rats (Sewer)
  11 adders
  A worm (D:2)
  17 ball pythons (Sewer)
  2 giant cockroaches (D:2)
  5 hobgoblins
  6 kobolds
  9 bats
  5 giant newts
  7 goblins
  22 rats
97 creatures vanquished.

Notes
Turn   | Place    | Note
--------------------------------------------------------------
     0 | D:1      | onyx93 the Octopode Monk began the quest for the Orb.
     0 | D:1      | Reached XP level 1. HP: 16/16 MP: 1/1
   269 | D:1      | Reached XP level 2. HP: 19/21 MP: 2/2
  1056 | D:2      | Reached skill level 5 in Unarmed Combat
  1056 | D:2      | Reached XP level 3. HP: 13/26 MP: 3/3
  1241 | D:2      | Noticed Natasha
  1251 | D:2      | Killed Natasha
  1259 | D:2      | Reached XP level 4. HP: 28/31 MP: 4/4
  1469 | D:2      | Noticed Ijyb
  1479 | D:2      | Killed Ijyb
  1479 | D:2      | Reached skill level 6 in Unarmed Combat
  1748 | D:2      | Reached XP level 5. HP: 34/36 MP: 5/5
  1946 | D:2      | Noticed Natasha
  1953 | D:2      | Killed Natasha
  2337 | D:2      | Noticed Natasha
  2347 | D:2      | Killed Natasha
  2433 | D:3      | Found a glowing drain.
  2445 | Sewer    | Entered a sewer
  2696 | Sewer    | Reached skill level 7 in Unarmed Combat
  2707 | Sewer    | Reached XP level 6. HP: 37/42 MP: 6/6
  3342 | Sewer    | Slain by a giant frog

Action                   |  1- 3 |  4- 6 || total
-------------------------+-------+-------++-------
Melee: Unarmed           |    45 |   139 ||   184
  Use: Potion            |       |     7 ||     7
 Stab: Sleeping          |     5 |     9 ||    14
  Eat: Chunk             |       |     8 ||     8
